 Dungeon Crawl Stone Soup version 0.13.1-2-gfb2c2b7 (webtiles) character file.

1753 Lilouch the Firebug (level 9, -37/45 HPs)
             Began as a Tengu Fire Elementalist on Dec 5, 2013.
             Was a Follower of Kikubaaqudgha.
             Engulfed by a cloud of flame (40 damage)
             ... on Level 6 of the Dungeon.
             The game lasted 00:55:20 (7796 turns).

Lilouch the Firebug (Tengu Fire Elementalist)       Turns: 7796, Time: 00:55:27

HP -37/45        AC 11     Str  6      XL: 9   Next:  1%
MP  22/22        EV  8     Int 20      God: Kikubaaqudgha [*.....]
Gold 78          SH 13     Dex 21      Spells:  5 memorised,  4 levels left

Res.Fire  : . . .   See Invis. : .   r - +1,-1 crossbow
Res.Cold  : . . .   Warding    : .   R - +5 ring mail "Tuwkacor" {Dex+5 Int+2}
Life Prot.: . . .   Conserve   : .   J - +0 buckler
Res.Poison: .       Res.Corr.  : +   (helmet restricted)
Res.Elec. : .       Clarity    : .   (no cloak)
Sust.Abil.: . .     Spirit.Shd : .   A - +0 pair of gloves
Res.Mut.  : .       Stasis     : .   (boots unavailable)
Res.Rott. : .       Flight     : .   v - cursed amulet of resist corrosion {unknown}
Saprovore : . . .                    (no ring)
                                     N - ring of sustenance

@: slightly resistant to hostile enchantments, fairly stealthy
A: able to fly, beak, talons 3, fast metabolism 1, Str -2
a: Fly, Receive Corpses, Renounce Religion


You were on level 6 of the Dungeon.
You worshipped Kikubaaqudgha.
Kikubaaqudgha was aware of your devotion.
You were hungry.

You visited 2 branches of the dungeon, and saw 8 of its levels.

You collected 256 gold pieces.
You spent 198 gold pieces at shops.

Inventory:

Hand weapons
 m - a +2,+1 whip of flaming
 p - a +0,+0 sling
 r - a +1,-1 crossbow (weapon)
 y - a +0 blowgun
 E - a +0,+1 orcish dagger of electrocution
 I - a +0,+0 dagger of venom
Missiles
 g - 22 poisoned needles
 q - 29 stones
 F - 20 sling bullets
 S - a bolt (quivered)
Armour
 A - a +0 pair of gloves (worn)
 J - a +0 buckler (worn)
 R - the +5 ring mail "Tuwkacor" (worn) {Dex+5 Int+2}
   (You bought it in a shop on level 6 of the Dungeon)

   It affects your intelligence (+2).
   It affects your dexterity (+5).
Magical devices
 o - a wand of teleportation (4)
 G - a wand of flame (3) {unknown}
Comestibles
 c - 3 bread rations
 f - 2 pears
 j - 3 chokos
 n - a cheese
 s - 2 rotting chunks of iguana flesh
 M - 3 meat rations
Scrolls
 w - a scroll of teleportation
 D - a scroll of fog
Jewellery
 v - a cursed amulet of resist corrosion (around neck) {unknown}
 N - a ring of sustenance (left hand)
 P - an uncursed amulet of conservation {unknown}
Potions
 e - 4 potions of curing
 h - a potion of speed {unknown}
 i - a potion of slowing {unknown}
 k - a potion of brilliance {unknown}
 z - 2 potions of agility
 K - a potion of degeneration {unknown}
 O - a potion of restore abilities {unknown}
 Q - a potion of beneficial mutation {unknown}
Books
 L - Kikubaaqudgha's Collected Works on Black Arts
   (Kikubaaqudgha gifted it to you on level 6 of the Dungeon)

   Spells                             Type                      Level
   Animate Skeleton                   Necromancy                   1
   Lethal Infusion                    Charms/Necromancy            2
   Sublimation of Blood               Necromancy                   2
   Regeneration                       Charms/Necromancy            3
   Control Undead                     Necromancy                   4


   Skills:
 + Level 3.4 Armour
 - Level 2.1 Dodging
 - Level 2.0 Stealth
 - Level 5.2 Shields
 + Level 5.5 Spellcasting
 - Level 3.3 Conjurations
 + Level 7.6 Fire Magic


You had 4 spell levels left.
You knew the following spells:

 Your Spells              Type           Power        Failure   Level  Hunger
a - Flame Tongue          Conj/Fire      ####.        3%          1    None
b - Conjure Flame         Conj/Fire      ####....     12%         3    ##.....
c - Throw Flame           Conj/Fire      ####..       6%          2    None
d - Sticky Flame          Conj/Fire      ####....     38%         4    ####...
f - Fireball              Conj/Fire      ####......   89%         5    #####..


Dungeon Overview and Level Annotations

Branches:
Dungeon (7/27)             Temple (1/1) D:4
    Orc: D:6-11

Altars:
Ashenzari
Elyvilon
Fedhas
Kikubaaqudgha
Makhleb
Okawaru
Sif Muna
Xom
Yredelemnul
Zin

Shops:
D:4 (   D:6 [


Innate Abilities, Weirdness & Mutations

You can fly.
You have a beak for a mouth.
You have claws for feet.
You have a fast metabolism.
You are weak. (Str -2)


Message History

The crimson imp is severely wounded.
The crimson imp blinks!
The crimson imp hits you but does no damage.
Firing (i - inventory. (,) - cycle):
S - 2 bolts (quivered)
Press: ? - help, Shift-Dir - straight line, f/p - crimson imp
Aim: a crimson imp (heavily wounded, inner flame)
You shoot a bolt. The bolt hits the crimson imp.
The crimson imp explodes!
The fiery explosion engulfs you!
Ouch! That really hurt!
* * * LOW HITPOINT WARNING * * *
Kikubaaqudgha accepts your kill.
You have reached level 9!
Your experience leads to an increase in your attributes!
Increase (S)trength, (I)ntelligence, or (D)exterity?
You feel clever.
You are engulfed in roaring flames.
Ouch! That really hurt!
You die...
Kikubaaqudgha rasps: "You have failed me!
Welcome... death!"

......)).))_..>.........)........
..###...##)...##.#####...##...###
### #...##...###.####....##...#..
######...###...##....##.###..
###...[∩.(#........#....
####.(.....#....#...#....
##..............()).......
#...#...§....[...#######..
#...#....@§§(....# #.#
#...#....§(§###.)#######.#
##z##....§§§###..#.......#
###.##.#......##......##..#
#..z##.###....##......##..#
#...##...#...........###..#
#...##...#.##.......####..#
#........#.##.......# #....
#......###.###......# #...#


There were no monsters in sight!

Vanquished Creatures
  The ghost of Ratslayer the Charmwright, an average DEAE (D:5)
  An orc warrior (D:6)
  2 ice beasts
  2 ogres (D:6)
  2 sky beasts
  A centaur (D:5)
  4 wights (D:6)
  2 crimson imps
  A jelly (D:5)
  A giant frog skeleton (D:5)
  An iguana (D:6)
  2 orc wizards (D:6)
  5 hounds
  2 worker ants
  A hound skeleton (D:4)
  2 adders
  A giant mite (D:3)
  2 worms (D:6)
  An inept feature mimic (D:3)
  7 giant geckos
  3 oozes
  27 orcs
  4 giant cockroaches
  10 goblins
  15 hobgoblins
  A quokka (D:6)
  A ball python (D:2)
  13 bats
  A giant gecko skeleton (D:6)
  2 giant newts
  A goblin skeleton (D:4)
  A hobgoblin skeleton (D:4)
  13 jackals
  16 kobolds
  An orc skeleton (D:6)
  11 rats
161 creatures vanquished.

Notes
Turn   | Place    | Note
--------------------------------------------------------------
     0 | D:1      | Lilouch, the Tengu Fire Elementalist, began the quest for the Orb.
     0 | D:1      | Reached XP level 1. HP: 10/10 MP: 3/3
   269 | D:1      | Reached XP level 2. HP: 12/15 MP: 3/5
  1042 | D:1      | Reached XP level 3. HP: 17/19 MP: 4/7
  1253 | D:1      | Reached skill level 4 in Fire Magic
  1929 | D:2      | Reached XP level 4. HP: 17/24 MP: 3/9
  2127 | D:2      | Found a blossoming altar of Fedhas.
  2290 | D:2      | Learned a level 3 spell: Conjure Flame
  2412 | D:2      | Found a burning altar of Makhleb.
  2752 | D:3      | Reached XP level 5. HP: 28/28 MP: 6/12
  4038 | D:4      | Reached skill level 5 in Fire Magic
  4374 | D:4      | Found Wapussok's Weapon Shop.
  4451 | D:4      | Reached skill level 1 in Armour
  4551 | D:4      | Reached XP level 6. HP: 27/32 MP: 11/14
  4646 | D:4      | Learned a level 2 spell: Throw Flame
  4651 | D:4      | Learned a level 4 spell: Sticky Flame
  4780 | D:4      | Found a staircase to the Ecumenical Temple.
  4807 | Temple   | Entered the Ecumenical Temple
  4824 | Temple   | Became a worshipper of Kikubaaqudgha
  4940 | D:5      | Entered Level 5 of the Dungeon
  5004 | D:5      | Noticed Ratslayer's ghost (average DEAE)
  5250 | D:5      | Reached skill level 1 in Shields
  5335 | D:4      | Gained mutation: You are weak. (Str -2) [mutagenic meat]
  5336 | D:4      | Gained mutation: You have a fast metabolism. [mutagenic meat]
  5531 | D:5      | Reached XP level 7. HP: 36/36 MP: 12/17
  5621 | D:5      | Killed Ratslayer's ghost
  5621 | D:5      | Reached skill level 6 in Fire Magic
  6377 | D:6      | Reached XP level 8. HP: 41/41 MP: 11/20
  6459 | D:6      | Found a glowing silver altar of Zin.
  6484 | D:6      | Found Ushrauq's Antique Armour Emporium.
  6519 | D:6      | Bought a faintly humming ring mail for 198 gold pieces
  6529 | D:6      | Identified the +5 ring mail "Tuwkacor" {Dex+5 Int+2} (You bought it in a shop on level 6 of the Dungeon)
  6644 | D:6      | Reached skill level 5 in Shields
  6806 | D:6      | Reached skill level 7 in Fire Magic
  6838 | D:6      | Reached skill level 5 in Spellcasting
  6874 | D:6      | Acquired Kikubaaqudgha's first power
  6874 | D:6      | Received a gift from Kikubaaqudgha
  6878 | D:6      | Identified Kikubaaqudgha's Collected Works on Black Arts (Kikubaaqudgha gifted it to you on level 6 of the Dungeon)
  7639 | D:6      | Learned a level 2 spell: Sublimation of Blood
  7645 | D:6      | Learned a level 5 spell: Fireball
  7796 | D:6      | Reached XP level 9. HP: 3/45 MP: 22/22
  7796 | D:6      | Engulfed by a cloud of flame

Action                   |  1- 3 |  4- 6 |  7- 9 || total
-------------------------+-------+-------+-------++-------
Melee: Mace              |    14 |       |       ||    14
       Whip              |     1 |     4 |       ||     5
       Crossbow          |       |       |     4 ||     4
 Fire: Sling             |       |    66 |       ||    66
       Crossbow          |       |    59 |   129 ||   188
       Blowgun           |       |    12 |       ||    12
Throw: Dagger            |    11 |     1 |       ||    12
       Dart              |       |       |    11 ||    11
       Stone             |       |       |    11 ||    11
 Cast: Flame Tongue      |    68 |    82 |   115 ||   265
       Conjure Flame     |       |    12 |    12 ||    24
       Sticky Flame      |       |     1 |     3 ||     4
Evoke: Wand              |     2 |       |       ||     2
  Use: Potion            |       |     6 |     1 ||     7
       Scroll            |       |     4 |     9 ||    13
